 Dungeon Crawl Stone Soup version 0.29-a0-553-g81b289dbe5 (webtiles) character file.

Game seed: 14911679675949650147

4 Hubjo the Insei (level 1, -2/15 HPs)
             Began as a Demonspawn Transmuter on June 6, 2022.
             Slain by a gnoll
             ... wielding a +0 club
              (4 damage)
             ... on level 1 of the Dungeon.
             The game lasted 00:00:24 (233 turns).

Hubjo the Insei (Demonspawn Transmuter)              Turns: 233, Time: 00:00:24

Health: -2/15      AC:  2    Str: 10    XL:     1   Next: 50%
Magic:  2/3        EV: 12    Int: 14    God:
Gold:   21         SH:  0    Dex: 13    Spells: 3/4 levels left

rFire   . . .      SeeInvis .     - Unarmed
rCold   . . .      Faith    .   (no shield)
rNeg    . . .      Spirit   .   a - +0 robe
rPois   .          Reflect  .   (helmet currently unavailable)
rElec   .          Harm     .   (no cloak)
rCorr   .          Rampage  .   (no gloves)
Will    .....                   (boots currently unavailable)
Stlth   +.........              (no amulet)
HPRegen 0.05/turn               (no ring)
MPRegen 0.08/turn               (no ring)

@: appendages
A: horns 2, talons 2
a: End Transformation


You were on level 1 of the Dungeon.
You had temporarily grown beastly horns and talons.
You visited 1 branch of the dungeon, and saw 1 of its levels.

You collected 21 gold pieces.

Inventory:

Armour
 a - a +0 robe (worn)
Scrolls
 c - a scroll of enchant armour {unknown}
 d - a scroll of teleportation {unknown}
Potions
 b - a potion of lignification


   Skills:
 * Level 1.2 Fighting
 - Level 1.7 Dodging
 + Level 0.1 Stealth
 + Level 2.7 Unarmed Combat
 + Level 2.0 Spellcasting
 + Level 1.8 Transmutations


You had 3 spell levels left.
You knew the following spells:

 Your Spells              Type           Power      Damage    Failure   Level
a - Beastly Appendage     Tmut           12%        N/A       11%         1

Your spell library contained the following spells:

 Spells                   Type           Power      Damage    Failure   Level
 Wereblood                Tmut           6%         N/A       17%         2
 Spider Form              Tmut/Pois      4%         N/A       43%         3
 Ice Form                 Ice/Tmut       4%         N/A       85%         4


Dungeon Overview and Level Annotations

Branches:
Dungeon (1/15)

Altars:


Innate Abilities, Weirdness & Mutations

You have temporarily grown beastly horns and talons.


Message History

No target in view!
Your magical contamination has completely faded away.
HP restored.
d - a scroll labelled ONITITHIOSO A bat comes into view.
Found a thick smoking staff.
A bat is nearby!
A bat is nearby!
A bat is nearby!
The bat hits you but does no damage.
You grow a pair of large bovine horns.
Your feet morph into talons.
The bat hits you but does no damage. x2
You barely miss the bat. The bat closely misses you. x2
You closely miss the bat. Your kick misses the bat. The bat hits you. x2
You hit the bat but do no damage. You headbutt the bat.
You kill the bat!
No target in view!
No target in view!
Your transformation is almost over.
Your horns disappear.
Your talons disappear.
You see here a bat corpse.
A gnoll comes into view. It is wielding a +0 club.
A gnoll is nearby!
The gnoll shouts!
A goblin comes into view. It is wielding a +0 dagger.
There are monsters nearby!
You barely miss the gnoll. The gnoll closely misses you.
You grow a pair of large bovine horns.
Your feet morph into talons.
The goblin shouts!
The gnoll hits you with a +0 club.
You hit the gnoll.
The gnoll is lightly wounded.
The gnoll hits you with a +0 club!
* * * LOW HITPOINT WARNING * * *
You are too injured to fight recklessly!
You are too injured to fight recklessly!
You closely miss the gnoll. Your kick misses the gnoll.
The gnoll is lightly wounded.
The gnoll hits you with a +0 club.
You die...

####### #
##..... ..
.####.....# #
..........#
.......gg.#
#.@.# ### ##.##
#####.########.#
#........†....|#
#.###.###.######
#.# #.# #.#
###.###.# #.#
#.......# #.#
#.###.### #.#


You could see a gnoll and a goblin.

Vanquished Creatures
  An endoplasm (D:1)
  A hobgoblin (D:1)
  A ball python (D:1)
  A bat (D:1)
4 creatures vanquished.

Notes
Turn   | Place    | Note
-------+----------+-------------------------------------------
     0 | D:1      | Hubjo the Demonspawn Transmuter began the quest for the
                  | Orb.
     0 | D:1      | Reached XP level 1. HP: 15/15 MP: 3/3
   233 | D:1      | Slain by a gnoll

Illustrated notes

Levels and vault maps discovered:
D:1:      evilmike_arrival_hilbert_curve, layout_loops_ring,
          hellmonk_ecumenical_altar_heavens_door, minmay_pentomino_o4

Action                   || total
-------------------------++-------
Melee: Unarmed           ||    14
       Kick              ||     1
       Headbutt          ||     1
 Cast: Beastly Appendage ||     4
Armor: Robe              ||     4
Dodge: Dodged            ||    12

Table legend: (Time is in decaauts)
 A = Elapsed time spent in this place.
 B = Non-inter-level travel time spent in this place.
 C = Inter-level travel time spent in this place.
 D = Time resting spent in this place.
 E = Time spent auto-exploring this place.
 F = Levels seen in this place.
 G = Mean time per level.
                   A        B        C        D        E       F      G
               +--------+--------+--------+--------+--------+-----+--------+
         Total |    232 |    232 |      0 |      0 |    195 |   1 |  232.0 |
       Dungeon |    232 |    232 |      0 |      0 |    195 |   1 |  232.0 |
               +--------+--------+--------+--------+--------+-----+--------+

Top non-repeatable levels by time:
     D:1: 232 daAuts
